cohdb
Replays
Latest Replays
All Replays
Popular Replays
Top Player Replays
Match Explorer
How It Works
Community
CoH3 Stats
Reddit
Sign in to upload your games and track your stats! →
Sign in with Steam
Match 46065394
Unlisted
Match 46065394
Overview
Messages
Build Orders
End
Kradschützen Motorcycle Team
Selects Panzerjäger Kommand Battlegroup
Selects Mine Fields
Panzerpioneer Squad
Panzerpioneer Squad
250 Light Carrier
Kradschützen Motorcycle Team
Construct Light Support Kompanie
Selects Tank Busters
Fire Support Elements
Panzerjäger Squad
le.IG 18 Mechanized Group
2.5-tonne Medical Truck
Flakvierling Half-track
Vehicle Survival Package
Construct Panzerarmee Kommand
Panzerjäger Squad
Selects Crew Shock Tactics
Flakvierling Half-track
Emergency Repair Kits
Assault Mechanized Group
Flakvierling Half-track
Panzerjäger Squad
Selects Elefant Tank Destroyer
Selects Defensive Positions
Forward Retreat Point
Crew Shock Tactics
Rapid Advance
Elefant Tank Destroyer
Crew Shock Tactics
Crew Shock Tactics
Alloyzy Klex®
SEPH
Kale: Son of Lettuce
derank c[o]mpany
0
0
Comments
sign in to comment!
No comments posted yet!